 Dungeon Crawl Stone Soup version 0.31-a0-640-g39d97e502b (webtiles) character file.

Game seed: 16407561757951617565

100 qw the Shooter (level 4, -5/28 HPs)
             Began as a Gargoyle Hunter on Aug 27, 2023.
             Slain by a gnoll bouda
             ... wielding a +0 whip
              (6 damage)
             ... on level 4 of the Dungeon.
             The game lasted 00:00:48 (1934 turns).

qw the Shooter (Gargoyle Hunter)                    Turns: 1934, Time: 00:00:49

Health: -5/28      AC:  7    Str: 21    XL:     4   Next: 74%
Magic:  4/4        EV: 12    Int:  9    God:
Gold:   140        SH:  0    Dex: 15    Spells: 3/3 levels left

rFire   . . .        Y - +1 shortbow
rCold   . . .        (shield currently unavailable)
rNeg    + . .        c - +0 leather armour
rPois   inf          (no helmet)
rElec   +            (no cloak)
rCorr   .            g - +0 pair of gloves
SInv    .            (no boots)
Will    .....        i - amulet of faith
Stlth   ++           j - +6 ring of strength
HPRegen 0.24/turn    (no ring)
MPRegen 0.09/turn

%: faith
@: weakened
A: sickness immunity, AC +3, negative energy resistance 1, electricity
resistance, torment resistance 1, petrification resistance
a: no special abilities


You were on level 4 of the Dungeon.
You visited 1 branch of the dungeon, and saw 4 of its levels.

You collected 140 gold pieces.


Innate Abilities, Weirdness & Mutations

You are immune to sickness and miasma.
Your stone body is resilient. (AC +3)
You are immune to poison.
You resist negative energy. (rN+)
You are resistant to electric shocks. (rElec)
You are resistant to unholy torment.
You are immune to petrification.


   Skills:
 - Level 3.1 Fighting
 + Level 5.5 Ranged Weapons
 - Level 1.5 Dodging
 - Level 1.1 Stealth


You had 3 spell levels left.
You didn't know any spells.
Your spell library was empty.

Inventory:

Hand Weapons
 Y - a +1 shortbow (weapon)
Armour
 c - a +0 leather armour (worn)
 g - a +0 pair of gloves (worn)
Jewellery
 i - an amulet of faith (around neck)
 j - a +6 ring of strength (left hand)
Scrolls
 f - a scroll of identify
Potions
 a - a potion of mutation
 d - a potion of enlightenment
 e - a potion of berserk rage {unknown}
 h - a potion of cancellation {unknown}
 k - a potion of curing {unknown}
 m - a potion of attraction {unknown}

Dungeon Overview and Level Annotations

Branches:
Dungeon (4/15)
 Temple: D:4-7

Altars:
Nemelex Xobeh

Annotations:
D:4 Grinder


Message History

The gnoll hits you from afar with a +0 halberd.
The gnoll barely misses you. The gnoll closely misses you.
The gnoll bouda barks out a call to the hunt!
The gnoll picks up the pace!
The orc hits you but does no damage.
You shoot an arrow.
The arrow hits the gnoll bouda but does no damage.
The gnoll bouda is heavily wounded.
The gnoll is no longer moving quickly.
The gnoll hits you from afar with a +0 halberd.
The gnoll barely misses you. x2; The orc closely misses you.
You shoot an arrow. The arrow hits the gnoll bouda!
The gnoll bouda is almost dead.
The gnoll barely misses you. The gnoll hits you but does no damage.
The gnoll bouda hits you with a +0 whip.
The gnoll closely misses you. The orc barely misses you.
You shoot an arrow.
The arrow barely misses the gnoll bouda.
The gnoll is no longer moving quickly.
The gnoll barely misses you. The gnoll closely misses you.
The gnoll bouda utters an invocation to its god.
The gnoll bouda is healed somewhat.
The gnoll misses you. The orc misses you.
The gnoll hits you from afar with a +0 spear.
The gnoll closely misses you.
You shoot an arrow.
The arrow closely misses the gnoll bouda.
The gnoll bouda gazes fiercely through you!
You feel your attacks grow feeble.
The gnoll bouda hits you with a +0 whip.
The gnoll closely misses you. The orc hits you with a +0 club.
The gnoll barely misses you. The gnoll closely misses you. x2
The gnoll bouda barks out a call to the hunt!
The gnolls pick up the pace!
You shoot an arrow.
The arrow closely misses the gnoll bouda.
The orc barely misses you. The gnoll misses you.
The gnoll hits you from afar with a +0 spear.
The gnoll hits you from afar with a +0 halberd.
The gnoll bouda hits you with a +0 whip.
You die...

#..... +...... #......
#....###+#### #....#.......
#....#.......
###5#....#.......
#@og.....'.......
##########g)g...>.#.......
#...........g.....#.....##
..#.................#.....#
..+.........####....#.......
............# #....#...o)..
.#..........# #....#5.o....
..}...........#
#....#...o.##
#+#..#..........# #....#


You could see Grinder, a gnoll bouda, 3 gnolls and an orc.

Vanquished Creatures
  4 adders
  3 worms
  2 dart slugs
  4 orcs
  3 ball pythons
  4 endoplasms
  6 goblins
  5 hobgoblins
  3 kobolds
  A quokka (D:2)
  4 bats
  3 frilled lizards
  7 rats
49 creatures vanquished.

Notes
Turn   | Place    | Note
-------+----------+-------------------------------------------
     0 | D:1      | qw the Gargoyle Hunter began the quest for the Orb.
     0 | D:1      | Reached XP level 1. HP: 12/12 MP: 1/1
     0 | D:1      | 0 ||| qw: Version: 0.3-a-74-g0d5e918
     0 | D:1      | 0 ||| qw: Game counter: 5
     0 | D:1      | 0 ||| qw: Melee chars always use a shield: true
     0 | D:1      | 0 ||| qw: God list: Okawaru
     0 | D:1      | 0 ||| qw: Allow faded altars: false
     0 | D:1      | 0 ||| qw: Do Orc after clearing Dungeon:15 true
     0 | D:1      | 0 ||| qw: Do second Lair branch before Depths: true
     0 | D:1      | 0 ||| qw: Lair rune preference: random
     0 | D:1      | 0 ||| qw: Goals: Normal
     0 | D:1      | 0 ||| PLANNING D:1-11
   268 | D:1      | Reached XP level 2. HP: 17/17 MP: 2/2
   593 | D:1      | 593 ||| UPGRADING to +0 pair of gloves.
   598 | D:1      | 598 ||| READING scroll labelled UNTUWKIC DOZAR.
   599 | D:1      | 599 ||| READING scroll labelled DERPHECKENUNK.
   600 | D:1      | 600 ||| READING 2 scrolls labelled HAUCOE VIQEI.
   601 | D:1      | 601 ||| DROPPING scroll of butterflies.
   668 | D:2      | Reached XP level 3. HP: 19/21 MP: 3/3
   681 | D:2      | Reached skill level 5 in Ranged Weapons
   758 | D:2      | Found a sparkling altar of Nemelex Xobeh.
  1157 | D:2      | Reached skill level 3 in Fighting
  1227 | D:2      | 1227 ||| UPGRADING to amulet of faith.
  1232 | D:2      | 1232 ||| READING scroll labelled JEIRERRA TIFU.
  1233 | D:2      | 1233 ||| READING scroll labelled SAOLIA KIGITAU.
  1234 | D:2      | 1234 ||| DRINKING 2 cyan potions.
  1292 | D:3      | Reached XP level 4. HP: 28/28 MP: 4/4
  1808 | D:3      | 1808 ||| UPGRADING to +6 ring of strength.
  1809 | D:3      | 1809 ||| READING 3 scrolls labelled OSO VEXONUO.
  1810 | D:3      | 1810 ||| READING scroll labelled FONEITTAEKA.
  1811 | D:3      | 1811 ||| READING 3 scrolls of identify.
  1811 | D:3      | 1811 ||| IDENTIFYING blue potion
  1812 | D:3      | 1812 ||| READING 2 scrolls of identify.
  1812 | D:3      | 1812 ||| IDENTIFYING fuming amethyst potion
  1813 | D:3      | 1813 ||| DROPPING 2 scrolls of amnesia.
  1839 | D:4      | 1839 ||| STAIRDANCE
  1853 | D:4      | 1853 ||| STAIRDANCE
  1902 | D:4      | Noticed Grinder
  1905 | D:4      | 1905 ||| RETREATING.
  1911 | D:4      | 1911 ||| Stepping ~*~*~tactically~*~*~ (retreating).
  1912 | D:4      | 1912 ||| Stepping ~*~*~tactically~*~*~ (retreating).
  1913 | D:4      | 1913 ||| Stepping ~*~*~tactically~*~*~ (retreating).
  1914 | D:4      | 1914 ||| Stepping ~*~*~tactically~*~*~ (retreating).
  1915 | D:4      | 1915 ||| Stepping ~*~*~tactically~*~*~ (retreating).
  1916 | D:4      | 1916 ||| Stepping ~*~*~tactically~*~*~ (retreating).
  1917 | D:4      | 1917 ||| Stepping ~*~*~tactically~*~*~ (retreating).
  1923 | D:4      | Paralysed by Grinder for 4 turns
  1925 | D:4      | HP: 6/28 [Grinder/nerve-wracking pain (4)]
  1927 | D:4      | 1927 ||| DRINKING potion of heal wounds.
  1933 | D:4      | HP: 5/28 [orc/+0 club (3)]
  1934 | D:4      | HP: 2/28 [gnoll/+0 spear[a gnoll bouda] (3)]
  1934 | D:4      | Slain by a gnoll bouda

Levels and vault maps discovered:
D:1:      denvon_arrival_waterhouse, layout_basic, nrook_uturn
D:2:      layout_loops_cross, basic_altar
D:3:      layout_basic
D:4:      layout_gridville, hangedman_feature_mirror, chequers_avenue,
          uniq_robin, uniq_ijyb, uniq_grinder

Skill      XL: |  1  2  3 |
---------------+----------+-----
Ranged Weapons | 5 |  5.5
Fighting       | 3 |  3.1
Dodging        | |  1.5
Stealth        | |  1.1

Action                     |  1- 3 |  4- 6 || total
---------------------------+-------+-------++-------
   Fire: Shortbow          |   119 |    54 ||   173
    Use: Scroll            |     5 |     4 ||     9
         Potion            |     1 |     1 ||     2
 Armour: Leather armour    |    31 |    16 ||    47
  Dodge: Dodged            |    26 |    46 ||    72

Table legend:
 A = Non-vault XP
 B = Vault XP
 C = Vault XP percentage of total XP
 D = Non-vault monster count
 E = Vault monster count
 F = Vault count percentage of total count
                 A         B        C        D         E       F
            +---------+---------+-------+---------+---------+-------
      Total |     142 |       2 |   1.4 |      48 |       1 |   2.0
            +---------+---------+-------+---------+---------+-------
        D:1 |      20 |       0 |   0.0 |      12 |       0 |   0.0
        D:2 |      58 |       0 |   0.0 |      20 |       0 |   0.0
        D:3 |      55 |       0 |   0.0 |      13 |       0 |   0.0
        D:4 |       9 |       2 |  18.2 |       3 |       1 |  25.0
            +---------+---------+-------+---------+---------+-------
